Map: Frozen Temple

Players

Miszu - Winner!

  • Race: Terran Terran
  • League: Master

DasDuelon

  • Race: Zerg Zerg
  • League: Master

VOD

Have the link to the VOD?

Description

Time

  • Played on: April 20, 2016, 4:01 p.m.
  • Length: 15:34
Show
View Real Time Build Order
Export as new Build Order

Miszu Terran - Winner!

Build Orders: Liberator Opening, Reaper Expand, Bio Tank 

Get SALT Encoding   

  12  0:01  SCV  
  13  0:13  SCV  
  14  0:18  Supply Depot  
  14  0:25  SCV  
  15  0:39  SCV  
  15  0:41  Barracks  
  16  0:44  Refinery  
  16  0:51  SCV  
  17  1:03  SCV  
  18  1:15  SCV  
  19  1:28  Orbital Command  
  19  1:30  Reaper  
  20  1:40  Command Center  
  20  1:50  Supply Depot  
  20  1:53  SCV  
  21  2:02  Marine  
  21  2:06  SCV  
  23  2:14  Factory  
  23  2:17  Refinery  
  23  2:18  SCV  
  23  2:22  Barracks Reactor  
  24  2:30  SCV  
  25  2:43  SCV  
  26  2:56  SCV, Orbital Command  
  27  2:59  Starport  
  27  3:00  Marine x2, Factory Tech Lab  
  29  3:08  SCV  
  30  3:14  Bunker  
  30  3:18  Marine x2  
  32  3:20  Liberator, SCV  
  33  3:29  SCV  
  33  3:32  SCV  
  34  3:36  Marine x2  
  39  3:42  SCV  
  39  3:45  SCV  
  39  3:48  Command Center  
  41  3:54  SCV  
  41  3:55  Siege Tank  
  45  4:01  SCV  
  45  4:02  Supply Depot  
  46  4:17  Supply Depot  
  46  4:23  SCV x2  
  48  4:26  Barracks  
  48  4:27  Marine x2, Barracks  
  50  4:31  Siege Tank  
  50  4:35  SCV  
  54  4:39  Starport Reactor, Supply Depot, SCV  
  55  4:47  SCV  
  55  4:50  Engineering Bay  
  55  4:51  Engineering Bay, SCV  
  57  4:56  Refinery  
  57  4:57  Refinery  
  58  5:00  SCV  
  58  5:03  SCV  
  58  5:04  Hellion  
  61  5:07  Marine x2  
  61  5:12  SCV, Orbital Command  
  64  5:15  SCV  
  64  5:16  Barracks Tech Lab x2  
  65  5:21  Terran Infantry Weapons Level 1, Terran Infantry Armor Level 1  
  65  5:26  SCV  
  66  5:32  Marine x2  
  66  5:34  Stimpack  
  66  5:35  Marine x2  
  69  5:36  SCV  
  69  5:37  SCV  
  69  5:39  SCV  
  69  5:42  Supply Depot  
  73  5:50  SCV  
  73  5:53  Marine x2, Orbital Command  
  73  5:54  Marine x2  
  78  5:59  Barracks, Combat Shields  
  78  6:00  Barracks  
  78  6:04  SCV x2  
  78  6:06  Supply Depot  
  78  6:11  Marine x3  
  81  6:16  Siege Tank  
  81  6:17  Medivac x2  
  88  6:22  SCV  
  88  6:23  SCV x2  
  88  6:29  Supply Depot  
  88  6:34  SCV  
  88  6:35  SCV x2  
  88  6:37  Armory  
  91  6:41  Supply Depot  
  91  6:46  SCV  
  92  6:47  Barracks Reactor x2, Medivac, SCV  
  92  6:48  Siege Tank  
  98  6:55  Marine  
  98  6:56  Marine x3  
  102  7:05  SCV x3  
  105  7:09  Supply Depot x2  
  105  7:11  Supply Depot  
  105  7:13  Marine  
  105  7:14  Marine x3, Refinery  
  109  7:15  Armory  
  109  7:27  Marine x4  
  113  7:31  Terran Infantry Armor Level 2, Marine, Terran Vehicle Weapons Level 1  
  113  7:32  Marine x3  
  113  7:34  Terran Infantry Weapons Level 2  
  117  7:39  Barracks, SCV  
  117  7:40  Barracks x2, SCV x2  
  120  7:44  Supply Depot  
  120  7:45  Marine x4  
  120  7:47  Supply Depot  
  120  7:49  Marine  
  120  7:51  SCV  
  125  7:52  SCV  
  125  7:54  Marine  
  125  7:55  Siege Tank  
  132  7:58  Marauder  
  132  7:59  Marauder  
  132  8:02  Medivac x2  
  138  8:11  Marine x5  
  138  8:12  Marine  
  146  8:20  Marauder x2  
  148  8:28  Siege Tank  
  148  8:29  Marine, Barracks Tech Lab x3  
  148  8:33  Medivac  
  154  8:36  Supply Depot  
  154  8:38  Supply Depot x2  
  156  8:41  Marauder  
  156  8:42  Marauder  
  156  8:46  Marine  
  157  8:59  SCV  
  157  9:01  SCV x2  
  159  9:02  Marauder  
  159  9:09  Marine, Marauder  
  149  9:11  SCV  
  149  9:15  Medivac x2, Siege Tank  
  157  9:22  Marauder  
  157  9:23  Marine, Marauder x2  
  166  9:24  Marauder  
  166  9:25  Supply Depot  
  166  9:26  Supply Depot  
  166  9:27  Concussive Shells  
  166  9:31  Marauder  
  168  9:32  Terran Vehicle Weapons Level 2  
  168  9:42  Marine x2, Command Center  
  168  9:44  Marauder x3  
  178  9:45  Marauder  
  178  9:52  Marauder  
  180  10:10  Marauder  
  181  10:15  SCV x3  
  181  10:16  Marauder  
  166  10:25  Marauder x2  
  166  10:27  SCV x2  
  166  10:28  Marauder, SCV  
  169  10:29  Siege Tank  
  169  10:30  Marine, Medivac x2  
  169  10:31  Marine x5, Marauder  
  182  10:38  Marauder  
  182  10:39  SCV  
  182  10:40  SCV x2  
  187  10:46  Marine x2  
  187  10:48  Marine  
  187  10:49  Marine  
  191  10:51  SCV  
  191  10:52  SCV  
  173  10:57  Marauder x2  
  173  11:00  Marine x4, Marauder  
  173  11:03  Marine  
  159  11:04  Marine  
  159  11:06  Marine x2  
  141  11:17  Marine, Medivac  
  141  11:18  Marine x3, Marauder  
  138  11:19  Marauder  
  138  11:21  Marine, Marauder  
  138  11:22  Marine  
  138  11:24  Marine  
  148  11:31  Siege Tank  
  151  11:39  Marauder  
  151  11:40  Marauder  
  151  11:45  Marauder  
  151  11:53  Marine, Marauder  
  134  11:57  Marine x5, Marauder  
  134  12:01  Marine, Marauder  
  142  12:03  Siege Tank  
  142  12:06  Marine  
  147  12:10  Marine  
  147  12:14  Marauder  
  147  12:15  Marine  
  149  12:16  Planetary Fortress  
  149  12:27  Terran Infantry Weapons Level 3, Terran Infantry Armor Level 3  
  149  12:37  Marine  
  149  12:38  Siege Tank, Marauder  
  149  12:39  Marine, Marauder x3  
  149  12:40  Medivac  
  149  12:42  Marauder  
  166  12:51  Marine, Refinery  
  166  12:52  Marine x3, Refinery  
  166  12:55  Marine  
  166  12:58  Marine  
  171  12:59  Marauder  
  171  13:00  Marauder  
  171  13:01  Marauder x2  
  179  13:15  Marine, Marauder  
  179  13:16  Marine  
  180  13:20  Marauder  
  180  13:21  Orbital Command  
  180  13:31  Marine x6  
  180  13:32  Marine x2  
  180  13:33  Marine  
  179  13:39  Marauder  
  178  13:50  Medivac, Siege Tank  
  178  13:52  Marauder x2  
  187  13:56  Marauder  
  187  14:01  Marauder  
  187  14:02  Refinery  
  191  14:03  Marine  
  191  14:04  Marine x5, Marauder  
  199  14:13  Marine  
  200  14:48  Marine x3, Marauder  
  200  14:49  Marine x7  
  180  15:03  Medivac x2  
  180  15:06  Marine x4  
  188  15:07  Marauder x4  
Show
View Real Time Build Order
Export as new Build Order

DasDuelon Zerg 

Build Orders: Hatch First 

Get SALT Encoding   

  12  0:01  Drone  
  13  0:12  Overlord  
  13  0:17  Drone  
  14  0:31  Drone x2  
  16  0:36  Drone  
  17  0:52  Hatchery  
  17  0:55  Drone  
  17  0:58  Drone  
  18  1:12  Spawning Pool  
  18  1:13  Extractor  
  18  1:16  Drone  
  17  1:20  Drone  
  18  1:28  Drone  
  19  1:40  Overlord  
  19  1:58  Queen  
  19  1:59  Zergling x2  
  19  2:00  Zergling x2  
  23  2:03  Queen  
  23  2:04  Drone  
  26  2:11  Drone  
  26  2:14  Metabolic Boost  
  27  2:15  Drone  
  28  2:24  Drone  
  29  2:30  Spore Crawler  
  29  2:33  Drone  
  29  2:34  Queen  
  31  2:40  Drone x2  
  32  2:52  Drone x2  
  32  2:54  Overlord  
  34  3:02  Drone  
  35  3:14  Hatchery  
  33  3:32  Drone x2  
  33  3:33  Drone x2  
  33  3:34  Drone x3  
  40  3:43  Drone  
  40  3:45  Overlord  
  40  3:47  Overlord  
  41  3:48  Drone x2  
  41  3:50  Roach Warren  
  41  3:53  Drone  
  41  3:54  Extractor  
  42  4:01  Drone  
  43  4:07  Spore Crawler, Drone x3  
  43  4:08  Spore Crawler  
  44  4:11  Overlord  
  44  4:12  Drone  
  44  4:16  Drone  
  46  4:20  Spore Crawler  
  46  4:21  Drone x3  
  48  4:26  Queen  
  48  4:31  Overlord  
  50  4:36  Drone x3  
  50  4:37  Drone, Evolution Chamber  
  50  4:38  Evolution Chamber  
  52  4:44  Overlord x2  
  52  4:49  Overlord  
  52  4:50  Drone x2  
  54  5:06  Roach x6  
  66  5:14  Zerg Missile Weapons Level 1, Zerg Ground Armor Level 1  
  66  5:27  Drone x3  
  66  5:28  Lair  
  69  5:30  Extractor x2, Drone x6  
  73  5:36  Drone x4  
  73  5:42  Overlord  
  77  5:43  Drone x2  
  77  5:44  Drone  
  77  5:49  Roach x3  
  85  5:51  Drone  
  86  6:05  Drone x4  
  90  6:11  Drone x2  
  90  6:12  Drone x3  
  95  6:20  Overlord x2  
  95  6:24  Extractor x2  
  93  6:26  Glial Reconstitution  
  93  6:30  Roach  
  93  6:31  Roach, Hatchery  
  93  6:32  Overlord x2  
  96  6:34  Overlord  
  96  6:36  Infestation Pit, Drone  
  96  6:46  Roach x4  
  104  6:57  Drone x3  
  104  7:00  Drone x2  
  109  7:03  Hatchery  
  109  7:06  Roach x6  
  120  7:14  Ravager x2  
  120  7:15  Zerg Missile Weapons Level 2, Ravager x2  
  124  7:26  Roach  
  124  7:27  Roach x3  
  130  7:40  Pathogen Glands  
  130  7:45  Overlord  
  130  7:46  Overlord, Drone x2  
  130  7:47  Overlord x3, Drone x2  
  134  8:13  Roach x4  
  134  8:14  Infestor x3, Roach  
  134  8:18  Roach x8  
  164  8:24  Extractor x2  
  164  8:26  Zerg Ground Armor Level 2, Spore Crawler x2  
  146  9:13  Overlord x3  
  146  9:14  Hive  
  146  9:15  Infestor x3  
  146  9:16  Drone x2  
  146  9:17  Drone x7  
  161  9:23  Spine Crawler x2  
  159  9:26  Spore Crawler  
  159  9:27  Spine Crawler  
  159  9:28  Roach x7  
  177  9:32  Overlord  
  171  9:47  Zerg Melee Weapons Level 1  
  171  9:49  Roach x9  
  185  9:52  Hatchery  
  185  9:54  Extractor  
  185  9:56  Extractor  
  180  10:02  Roach x3  
  180  10:03  Roach x7  
  200  10:09  Burrow  
  173  10:24  Roach  
  173  10:25  Roach x11  
  173  10:28  Ravager x3  
  192  10:29  Ravager x5  
  192  10:33  Ravager  
  196  10:36  Ravager  
  197  10:49  Ultralisk Cavern  
  125  11:11  Roach x8  
  109  11:12  Roach x14  
  109  11:18  Roach x7  
  139  11:22  Roach  
  139  11:23  Roach x2  
  145  11:36  Roach  
  145  11:37  Roach x7  
  145  11:38  Roach x2  
  137  12:05  Infestor x2  
  141  12:11  Chitinous Plating  
  141  12:28  Ultralisk  
  147  12:30  Ultralisk  
  147  12:31  Zergling x2  
  147  12:32  Zergling x20  
  147  12:35  Hatchery  
  147  12:36  Hatchery  
  162  12:38  Extractor  
  162  12:39  Zerg Melee Weapons Level 2  
  161  12:51  Ultralisk  
  167  13:05  Spore Crawler  
  107  13:36  Ultralisk x5  
  113  13:45  Ultralisk  
  117  13:54  Roach  
  117  13:55  Roach x7  
  132  13:57  Roach  
  133  14:15  Drone x3  
  133  14:16  Infestor x2  
  140  14:29  Spire  
  113  15:02  Zergling x2  
  113  15:03  Zergling x26  
Tags
 
Add a new tag
Caveats
  • Supply blocks, unpowered buildings, or Contaminate may cause inaccurate times.
  • Supply counts are checked every 10 seconds.